 Dungeon Crawl Stone Soup version 0.25-a0-56-g68f8618 (webtiles) character file.

Game seed: 155811654914061537, levelgen mode: deterministic

298 BoppinsLewinski the Poker (level 6, 0/52 HPs)
             Began as a Draconian Skald on Oct 25, 2019.
             Slain by Duvessa
             ... wielding a +0 short sword
              (6 damage)
             ... on level 3 of the Dungeon.
             The game lasted 00:11:06 (5528 turns).

BoppinsLewinski the Poker (Draconian Skald)         Turns: 5528, Time: 00:11:07

Health: 0/52       AC:  7    Str: 13    XL:     6   Next: 13%
Magic:  9/9        EV: 13    Int: 13    God:
Gold:   228        SH:  0    Dex: 13    Spells: 8/9 levels left

rFire    . . .     SeeInvis .   m - +0 halberd
rCold    . . .     Gourm    .   (shield currently unavailable)
rNeg     . . .     Faith    .   (armour unavailable)
rPois    .         Spirit   .   (helmet restricted)
rElec    .         Reflect  .   (no cloak)
rCorr    .         Harm     .   (no gloves)
MR       .....                  f - +0 pair of boots
Stlth    +.........             (no amulet)
HPRegen  0.17/turn              (no ring)
MPRegen  0.11/turn              (no ring)

@: glowing
A: unfitting armour, cold-blooded, AC +6
a: no special abilities


You were on level 3 of the Dungeon.
You were very hungry.

You visited 1 branch of the dungeon, and saw 4 of its levels.

You collected 228 gold pieces.

Inventory:

Hand Weapons
 m - a +0 halberd (weapon)
Armour
 f - a +0 pair of boots (worn)
Wands
 l - a wand of polymorph (5)
Scrolls
 b - a scroll of magic mapping
 e - 3 scrolls of enchant weapon
 g - a scroll of enchant armour
 h - a scroll of blinking
 i - 2 scrolls of amnesia {unknown}
 j - a scroll of fog {unknown}
 k - 2 scrolls of remove curse {unknown}
 o - 2 scrolls of teleportation {unknown}
Potions
 n - a potion of curing
Comestibles
 c - 10 rations


   Skills:
 + Level 3.7 Fighting
 * Level 4.5 Polearms
 + Level 3.4 Dodging
 - Level 2.3 Spellcasting
 - Level 3.0 Charms


You had 8 spell levels left.
You knew the following spells:

 Your Spells              Type           Power        Failure   Level  Hunger
a - Infusion              Chrm           #...         7%          1    #......

Your spell library contained the following spells:

 Spells                   Type           Power        Failure   Level  Hunger
 Song of Slaying          Chrm           #.......     11%         2    ###....
 Shroud of Golubria       Chrm/Tloc      #.....       21%         2    ###....
 Regeneration             Chrm/Necr      #.........   36%         3    ###....
 Spectral Weapon          Hex/Chrm       #.......     36%         3    ###....


Dungeon Overview and Level Annotations

Branches:
Dungeon (4/15)
 Temple: D:4-7

Altars:
Xom

Annotations:
D:3 Dowan, Duvessa


Innate Abilities, Weirdness & Mutations

Your plain brown scales are hard. (AC +6)
You cannot fit into any form of body armour.
You are cold-blooded and may be slowed by cold attacks.


Message History

Duvessa hits ye but does nay damage.
Dowan hits ye but does nay damage.
Duvessa hits ye wit' a +0 short sword.
* * * LOW HITPOINT WARNIN'
* * * Dowan hits ye wit' a +3 dagger o' freezin'.
* * * LOW HITPOINT WARNIN'
* * * Dowan freezes ye.
* * * LOW HITPOINT WARNIN'
* * * Duvessa hits ye but does nay damage.
Dowan generates a fountain o' clear water, an' laughs cruelly.
Dowan barely misses ye.
Ye climb upwards.
Thar be a stone staircase leadin' down 'ere.
Thar be monsters nearby!
Thar be monsters nearby!
Thar be monsters nearby!
Thar be monsters nearby!
Ye closely miss Duvessa.
Duvessa be almost dead.
Duvessa hits ye wit' a +0 short sword.
Ye die...

#)##..#...#....#.......####(..#.#
#†###.#...#............# ###....
#.###.#...#...........#####.#....
......................#♣..#.###.#
..###.#...####.......##.8.#P.##[#
#.###.#...# #....####.P..#.8##.#
..........#####...####._.....##.#
..######..##.........#....#..##.#
....^...........@....##...#.P.#..
...............ee.....#♣..#.P.###
..........##.<##...#.(#####......
..##......##..###..#..#####......
..##..................#...#...###
.###......##..####.#.##...#.P.#.#
..............# #.#.#..PP#.P##.#
...#.#........# #.#.#⌠...'.P#...
.#....†.......# #.#.#....#.8#...


You could see Duvessa and Dowan.

Vanquished Creatures
  A crimson imp (D:3)
  A bullfrog skeleton (D:2)
  Natasha (D:4)
  A worker ant (D:3)
  6 gnolls
  2 adders
  3 worms
  3 dart slugs
  4 leopard geckos
  8 orcs (D:3)
  7 bats
  6 giant cockroaches
  7 hobgoblins
  8 jackals
  2 quokkas (D:3)
  A ball python (D:2)
  6 frilled lizards
  9 goblins
  9 kobolds
  5 rats
90 creatures vanquished.

Notes
Turn   | Place    | Note
-------+----------+-------------------------------------------
     0 | D:1      | BoppinsLewinski the Draconian Skald began the quest for the
                  | Orb.
     0 | D:1      | Reached XP level 1. HP: 17/17 MP: 3/3
   505 | D:1      | Reached XP level 2. HP: 23/25 MP: 5/5
  1164 | D:2      | Reached XP level 3. HP: 22/30 MP: 6/6
  1735 | D:2      | Found a shimmering altar of Xom.
  1837 | D:2      | Found a shimmering altar of Xom.
  2021 | D:2      | Reached skill level 3 in Polearms
  2021 | D:2      | Reached XP level 4. HP: 27/37 MP: 7/7
  3692 | D:2      | Reached XP level 5. HP: 20/45 MP: 8/8
  4571 | D:3      | Reached skill level 4 in Polearms
  4610 | D:3      | Found a faded altar of an unknown god.
  5038 | D:3      | Reached XP level 6. HP: 49/52 MP: 9/9
  5235 | D:4      | Noticed Natasha
  5249 | D:4      | Killed Natasha
  5326 | D:4      | Noticed Duvessa
  5345 | D:4      | Noticed Dowan
  5528 | D:3      | Slain by Duvessa

Levels and vault maps discovered:
D:1:      dpeg_chamrin_arrival_tetris, layout_basic,
          hangedman_abyss_or_decor_stabs
D:2:      layout_basic, first_ration, xom_redecorated
D:3:      layout_basic, chequers_ecumenical_altar_lobes, minmay_divided_ellipse
D:4:      layout_layer_cave, uniq_duvessa, uniq_natasha

Table legend:
 A = Non-vault XP
 B = Vault XP
 C = Vault XP percentage of total XP
 D = Non-vault monster count
 E = Vault monster count
 F = Vault count percentage of total count
                 A         B        C        D         E       F
            +---------+---------+-------+---------+---------+-------
      Total |     288 |     138 |  32.4 |      76 |      14 |  15.6
            +---------+---------+-------+---------+---------+-------
        D:1 |      18 |       0 |   0.0 |      11 |       0 |   0.0
        D:2 |     119 |       0 |   0.0 |      31 |       0 |   0.0
        D:3 |     151 |     103 |  40.6 |      34 |      13 |  27.7
        D:4 |       0 |      35 | 100.0 |       0 |       1 | 100.0
            +---------+---------+-------+---------+---------+-------
